 Dungeon Crawl Stone Soup version 0.29.1-15-g9cfb28693d (webtiles) character file.

Game seed: 8168763807688057259

1750 hawla the Firebug (level 9, -10/68 HPs)
             Began as a Meteoran Fire Elementalist on Apr 5, 2023.
             Was an Initiate of Ashenzari.
             Mangled by an eight-headed hydra (13 damage)
             ... on level 1 of the Lair of Beasts.
             The game lasted 00:13:02 (1494 turns).

hawla the Firebug (Meteoran Fire Elementalist)      Turns: 1494, Time: 00:13:03

Health: -10/68     AC:  6    Str: 10    XL:     9   Next: 51%
Magic:  8/19       EV: 14    Int: 21    God:    Ashenzari [......]
Gold:   217        SH:  0    Dex: 21    Spells: 7/21 levels left

rFire   . . .      SeeInvis .   l - +6 flail "Esoteric Adversity" {vorpal, Fragile Dex+6, Alch, Bglg} (curse)
rCold   . . .      Faith    .   (no shield)
rNeg    . . .      Spirit   .   a - +0 robe
rPois   .          Reflect  .   u - +1 hat {Will+}
rElec   .          Harm     .   (no cloak)
rCorr   .          Rampage  .   i - +1 pair of gloves
Will    ++...                   q - +0 pair of boots
Stlth   +.........              e - amulet of regeneration
HPRegen 1.01/turn               j - +4 ring of slaying
MPRegen 0.16/turn               (no ring)

@: glowing
A: sense surroundings 2, otherworldly, glowing, explore regen
a: Renounce Religion, Shatter the Chains


You were on level 1 of the Lair of Beasts.
You worshipped Ashenzari.
Ashenzari was noncommittal.
You visited 2 branches of the dungeon, and saw 10 of its levels.

You collected 217 gold pieces.

Inventory:

Hand Weapons
 l - the cursed +6 flail "Esoteric Adversity" (weapon) {vorpal, Fragile Dex+6, Alch, Bglg}
   (You took it off a kobold on level 4 of the Dungeon)

   It inflicts extra damage upon your enemies.
   Dex:       It affects your dexterity (+6).
   Fragile:   It will be destroyed if unequipped.
   It has a curse which improves the following skills: Alchemy: Poison Magic and
   Transmutations.
   Beguiling: Conjurations, Hexes and Translocations.
 s - the +10 long sword of Donkocua {vorpal, rC+ Will- Int+5}
   (You found it on level 8 of the Dungeon)

   It inflicts extra damage upon your enemies.
   Int:       It affects your intelligence (+5).
   rC:        It protects you from cold.
   Will:      It decreases your willpower.
Armour
 a - a +0 robe (worn)
 i - a +1 pair of gloves (worn)
 q - a +0 pair of boots (worn)
 u - a +1 hat of willpower (worn)
Jewellery
 c - a ring of ice
 e - an amulet of regeneration (around neck)
 j - a +4 ring of slaying (left hand)
Wands
 m - a wand of mindburst (4) (quivered)
Scrolls
 d - 3 scrolls of teleportation {unknown}
 f - a scroll of noise {unknown}
 g - 2 scrolls of amnesia
 h - 3 scrolls of fear {unknown}
 k - 2 scrolls of identify {unknown}
 o - a scroll of enchant weapon {unknown}
 p - a scroll of immolation {unknown}
Potions
 b - a potion of magic
 n - a potion of curing
 r - a potion of might {unknown}
 t - a potion of brilliance {unknown}


   Skills:
 - Level 2.7 Fighting
 - Level 4.7 Maces & Flails
 - Level 4.1 Dodging
 - Level 1.4 Stealth
 - Level 6.5 Spellcasting
 - Level 6.1(6.5) Conjurations
 - Level 3.9 Necromancy
 - Level 6.9 Fire Magic
 - Level 3.0 Evocations


You had 7 spell levels left.
You knew the following spells:

 Your Spells              Type           Power      Damage    Failure   Level
a - Foxfire               Conj/Fire      100%       2x1d9     1%          1
b - Scorch                Fire           72%        2d8       1%          2
c - Flame Wave            Conj/Fire      35%        2d10      6%          4
d - Vampiric Draining     Necr           23%        2d7       5%          3
e - Airstrike             Air            3%         2d(1-17)  67%         4

Your spell library contained the following spells:

 Spells                   Type           Power      Damage    Failure   Level
 Magic Dart               Conj           100%       1d8       1%          1
 Searing Ray              Conj           68%        2d6       1%          2
 Conjure Flame            Conj/Fire      35%        6-21      1%          3
 Shock                    Conj/Air       80%        1d8       2%          1
 Inner Flame              Hex/Fire       21%        N/A       7%          3
 Slow                     Hex            28%        N/A       9%          1
 Fulminant Prism          Conj/Hex       10%        3d9       24%         4
 Confusing Touch          Hex            7%         N/A       26%         3
 Swiftness                Air            6%         N/A       28%         3
 Animate Armour           Summ/Erth      12%        N/A       67%         4
 Blade Hands              Tmut           3%         N/A       94%         5
 Iron Shot                Conj/Erth      10%        9d3       98%         6


Dungeon Overview and Level Annotations

Branches:
Dungeon (9/15) Zot: 3931   Temple (0/1) D:6            Lair (1/5) D:8 Zot: 562
    Orc: D:9-12

Altars:
Ashenzari
Dithmenos
Kikubaaqudgha
Makhleb
Sif Muna
Zin


Innate Abilities, Weirdness & Mutations

You passively map the area around you.
You are easily found by Zot.
You glow in the dark.
You regain HP and MP as you explore.


Message History

You can't go up here!
You climb downwards.
Welcome back to the Lair of Beasts!
The yak gores you! The yak barely misses you.
There is a staircase back to the Dungeon, spattered with blood here.
Unknown command.
Casting: Foxfire (safe; 1% risk of failure)
Confirm with . or Enter, or press ? or * to list all spells.
Casting: Flame Wave (dangerous; 6% risk of failure)
Press: ? - help, Dir - look around, f - activate A wave of flame ripples out!
The flame wave engulfs the eight-headed hydra!
The eight-headed hydra is lightly wounded.
The flame wave engulfs the yak!
The yak is moderately wounded.
The flame wave engulfs the yak.
The yak is lightly wounded. (Press . to intensify the flame waves.)
The yak gores you! The yak gores you but does no damage.
The eight-headed hydra barely misses you.
The eight-headed hydra closely misses you.
The eight-headed hydra bites you.
The eight-headed hydra closely misses you.
The eight-headed hydra bites you.
The eight-headed hydra bites you but does no damage.
The eight-headed hydra bites you!
* * * LOW HITPOINT WARNING * * *
The eight-headed hydra misses you.
As you read the scroll labelled RASIKICK DETZE, it crumbles to dust.
It is a scroll of amnesia.
Really abort (and waste the scroll)?
Okay, then.
The yak barely misses you. The yak gores you.
* * * LOW HITPOINT WARNING * * *
The eight-headed hydra bites you but does no damage.
The eight-headed hydra bites you!
* * * LOW HITPOINT WARNING * * *
The eight-headed hydra bites you.
* * * LOW HITPOINT WARNING * * *
The eight-headed hydra bites you!
You die...

* *
.............†.....P
#...........#.....,
* * , *
#...........#.. * *
,, #.............# *
* * #..............#
* * ,**
##...Y...#P....#* *
* *,,, *
##......####.^..# *
##.YY.#.## ...## * *
#..@D.### * ...# * *
,, #........# .#
##.......# * , * * ,
#........# ,,,
#.P......# * ,
########## * * , ,,,
* , ** * * *~ + * ,
* , * * ,,,


You could see an eight-headed hydra and 3 yaks.

Vanquished Creatures
  A yak (Lair:1)
  An acid dragon (D:8)
  A water moccasin (D:7)
  An ice beast (D:5)
  A black bear (D:8)
  An orc warrior (D:8)
  3 ogres
  A sky beast (D:8)
  A phantom (D:5)
  4 necrophages
  3 wights (D:8)
  A hound (D:4)
  A jelly (D:4)
  4 iguanas
  An orc wizard (D:8)
  3 gnolls (D:4)
  5 adders
  A shadow imp (D:5)
  A white imp (D:5)
  2 ufetubi (D:5)
  3 worms
  3 orcs
  4 ball pythons
  2 endoplasms (D:1)
  A goblin (D:4)
  4 hobgoblins
  4 jackals (D:4)
  A frilled lizard (D:2)
  5 kobolds
  A butterfly (Lair:1)
65 creatures vanquished.

Vanquished Creatures (others)
  144 foxfires
  4 fungi (D:8)
  3 plants (D:8)
151 creatures vanquished.

Grand Total: 216 creatures vanquished

Notes
Turn   | Place    | Note
-------+----------+-------------------------------------------
     0 | D:1      | hawla the Meteoran Fire Elementalist began the quest for
                  | the Orb.
     0 | D:1      | Reached XP level 1. HP: 14/14 MP: 5/5
    30 | D:1      | Reached XP level 2. HP: 14/20 MP: 1/6
   121 | D:2      | Reached XP level 3. HP: 26/26 MP: 3/8
   226 | D:3      | Learned a level 2 spell: Scorch
   339 | D:4      | Reached XP level 4. HP: 33/33 MP: 5/10
   388 | D:4      | Reached skill level 5 in Fire Magic
   388 | D:4      | Reached XP level 5. HP: 38/38 MP: 3/11
   393 | D:4      | Learned a level 4 spell: Flame Wave
   426 | D:4      | Found a shadowy altar of Dithmenos.
   436 | D:4      | Found an ancient bone altar of Kikubaaqudgha.
   441 | D:4      | Noticed an ogre
   447 | D:4      | Killed an ogre
   448 | D:4      | Reached XP level 6. HP: 45/45 MP: 1/12
   449 | D:4      | Found a shimmering blue altar of Sif Muna.
   451 | D:4      | Found a broken altar of Ashenzari.
   467 | D:4      | Found a burning altar of Makhleb.
   484 | D:4      | Reached skill level 5 in Conjurations
   576 | D:4      | Identified the +6 flail of Seetinusi {vorpal, Fragile
                  | Dex+6}
   635 | D:4      | Became a worshipper of Ashenzari the Shackled
   845 | D:5      | Entered Level 5 of the Dungeon
   851 | D:5      | Reached XP level 7. HP: 50/50 MP: 11/14
   909 | D:5      | Reached skill level 1 in Maces & Flails
   910 | D:5      | Reached skill level 5 in Spellcasting
  1034 | D:5      | Reached skill level 1 in Fighting
  1074 | D:5      | Reached XP level 8. HP: 59/59 MP: 13/16
  1253 | D:6      | Learned a level 3 spell: Vampiric Draining
  1261 | D:6      | Reached skill level 1 in Necromancy
  1278 | D:6      | Found a glowing silver altar of Zin.
  1289 | D:6      | Found a staircase to the Ecumenical Temple.
  1330 | D:8      | Identified the +10 long sword of Donkocua {vorpal, rC+
                  | Will- Int+5}
  1361 | D:8      | Gained mutation: You passively map the area around you.
                  | [Meteoran growth]
  1361 | D:8      | Reached XP level 9. HP: 67/67 MP: 13/18
  1393 | D:8      | Found a staircase to the Lair.
  1451 | Lair:1   | Entered Level 1 of the Lair of Beasts
  1473 | Lair:1   | Noticed an eight-headed hydra
  1491 | D:8      | Learned a level 4 spell: Airstrike
  1494 | Lair:1   | HP: 3/68 [eight-headed hydra (1)]
  1494 | Lair:1   | Mangled by an eight-headed hydra

Illustrated notes

Levels and vault maps discovered:
D:1:      wander_arrival_lonely_grave, layout_rooms,
          shapermc_ecumenical_altar_flowoftime, st_stairs_9
D:2:      layout_basic
D:3:      layout_basic
D:4:      layout_cave_pools, bloody_makhleb, grunt_dithmenos_smoke,
          grunt_temple_overflow_open
D:5:      layout_cave_pods
D:6:      minmay_chambers_of_fours, layout_basic,
          mainiacjoe_overflow_cross_hatched, temple_pool_b,
          amcnicky_mini_pool_small, chequers_serial_rivers_micro_e,
          solitary_fountain
D:7:      layout_rooms, lemuel_tele_altar, chequers_ossuary_entry_cave
D:8:      layout_basic, dpeg_oklobed_lair
D:9:      layout_basic, mainiacjoe_overflow_24_doors, serial_corexii_hall,
          chequers_hall_statues_corner_a, corexii_hall_statues_deadend,
          corexii_hall_statues_l, chequers_hall_statues_corner_a,
          corexii_hall_statues_i, chequers_hall_statues_corner_a
Lair:1:   layout_concentric_octagons, ebering_ghost_reflecting_pool,
          lemuel_fruit_fields

Skill      XL: |  1  2  3  4  5  6  7  8  9 |
---------------+----------------------------+-----
Fire Magic     | 4 5 6 |  6.9
Spellcasting   | 3 4 5 6 |  6.5
Conjurations   | 4 5 6 |  6.1
Dodging        | 3 4 |  4.1
Maces & Flails | 1 2 4 |  4.7
Fighting       | 1 2 |  2.7
Necromancy     | 3 |  3.9
Evocations     | 2 3 |  3.0
Stealth        | |  1.4

Action                   |  1- 3 |  4- 6 |  7- 9 || total
-------------------------+-------+-------+-------++-------
Melee: Unarmed           |     3 |     1 |       ||     4
       Flail             |       |     5 |    37 ||    42
       Punch             |       |       |     1 ||     1
 Cast: Foxfire           |    25 |    29 |    28 ||    82
       Scorch            |       |    11 |    17 ||    28
       Flame Wave        |       |       |     4 ||     4
Invok: Curse Item        |       |       |     1 ||     1
  Use: Scroll            |     2 |       |     1 ||     3
       Potion            |       |     1 |     1 ||     2
Armor: Robe              |     2 |     1 |    19 ||    22
Dodge: Dodged            |     4 |     6 |    56 ||    66
